 Dungeon Crawl Stone Soup version 0.22.1-1-ga44c0e5 (webtiles) character file.

91 inc the Sneak (level 4, 21/21 HPs)
             Began as a Felid Monk on Oct 30, 2018.
             Was a Believer of Wu Jian.
             Quit the game on level 4 of the Dungeon.
             The game lasted 00:08:30 (3970 turns).

inc the Sneak (Felid Monk)                          Turns: 3970, Time: 00:08:30

Health: 21/21      AC:  1    Str:  7    XL:     4   Next: 34%
Magic:  5/5        EV: 21    Int: 12    God:    Wu Jian [**....]
Gold:   198        SH:  0    Dex: 19    Spells: 3/3 levels left
                                        Lives:  0   Deaths: 1

rFire    . . .     SeeInvis +     - Unarmed
rCold    . . .     Gourm    .   (shield unavailable)
rNeg     + . .     Faith    .   (armour unavailable)
rPois    .         Spirit   .   (helmet unavailable)
rElec    .         Reflect  .   (cloak unavailable)
rCorr    .         Harm     .   (gloves unavailable)
MR       .....                  (boots unavailable)
Stlth    ++++......             (no amulet)
HPRegen  0.07/turn              m - ring of positive energy
MPRegen  0.09/turn              (no ring)

@: quick
A: very small, no armour, no weapons or thrown items, stealth, claws 1, fangs 3,
see invisible, carnivore, speed 1, shaggy fur 1, slow metabolism 1, sharp paws
a: Wall Jump, Renounce Religion


You were on level 4 of the Dungeon.
You worshipped Wu Jian.
Wu Jian was pleased with you.
You were not hungry.

You visited 2 branches of the dungeon, and saw 5 of its levels.

You collected 198 gold pieces.

Inventory:

Jewellery
 m - a ring of positive energy (left paw)
 p - an uncursed ring of protection from fire {unknown}
 s - an uncursed ring of wizardry {unknown}
Scrolls
 b - 4 scrolls of teleportation {unknown}
 c - 9 scrolls of remove curse {unknown}
 e - 6 scrolls of identify {unknown}
 i - 2 scrolls of fear {unknown}
 j - 2 scrolls of enchant weapon {unknown}
 l - 2 scrolls of amnesia {unknown}
 o - a scroll of magic mapping {unknown}
 q - a scroll of blinking {unknown}
 r - a scroll of enchant armour {unknown}
Potions
 d - 3 potions of agility
 f - a potion of degeneration {unknown}
 h - 2 potions of cancellation
 k - a potion of experience {unknown}
 n - a potion of heal wounds {unknown}
Comestibles
 a - 7 rations


   Skills:
 - Level 3.3 Fighting
 - Level 4.8 Dodging
 - Level 4.9 Stealth
 + Level 4.6 Unarmed Combat


You had 3 spell levels left.
You didn't know any spells.
Your spell library contained the following spells:

 Spells                   Type           Power        Failure   Level  Hunger
 Beastly Appendage        Tmut           #.....       32%         1    ##.....
 Sticks to Snakes         Tmut           #.......     45%         2    ###....
 Spider Form              Tmut/Pois      #.........   69%         3    ####...
 Ice Form                 Ice/Tmut       #.......     97%         4    #####..
 Blade Hands              Tmut           #.........   100%        5    ######.


Dungeon Overview and Level Annotations

Branches:
Dungeon (4/15)             Temple (1/1) D:4

Altars:
Ashenzari
Cheibriados
Dithmenos
Elyvilon
Fedhas
Gozag
Hepliaklqana
Kikubaaqudgha
Makhleb
Nemelex Xobeh
Okawaru
Qazlal
Ru
Sif Muna
Uskayaw
Vehumet
Wu Jian
Xom
Yredelemnul
Zin
The Shining One

Annotations:
D:4 Grinder


Innate Abilities, Weirdness & Mutations

You cannot wear armour.
You are incapable of wielding weapons or throwing items.
Your paws allow you to move quietly. (Stealth)
You have sharp claws.
You have razor-sharp teeth.
You have supernaturally acute eyesight. (SInv)
You are carnivorous and can eat meat at any time.
You cover ground quickly.
You are covered in fur. (AC +1)
You have a slow metabolism.
Your sharp claws are effective at attacking unaware monsters.


Message History

You bite the iguana.
The iguana is moderately wounded.
The iguana misses you.
You completely miss the iguana.
The iguana is moderately wounded.
The iguana completely misses you.
You scratch the iguana.
The iguana is moderately wounded.
You scratch the iguana but do no damage.
The iguana is moderately wounded.
The iguana bites you!
* * * LOW HITPOINT WARNING * * *
You scratch the iguana but do no damage.
The iguana is moderately wounded.
The iguana bites you!
You die...
You are now level 4!
You rejoin the land of the living...
Unknown command.
Are you sure you want to abandon this character and quit the game? (Confirm

........... ......... ..)........
..#..... ..#...#### ###+#.#...#
..#...#######.........#
......................#
......................#
##....................#
#...........##.###.#.....
##.........###.@...# ###
#.............#.......
#.......##....#.######.....#.#
................#.#............#
................#.#............##
................#.#..............
.............##.#.#.[............
#............##.##.8.#...........
#............##.#................


There were no monsters in sight!

Vanquished Creatures
  A worker ant (D:3)
  10 adders
  A worm (D:2)
  2 dart slugs
  A leopard gecko (D:2)
  3 orcs
  3 giant cockroaches
  9 goblins
  5 hobgoblins
  2 quokkas
  5 bats
  A frilled lizard (D:2)
  5 kobolds
  14 rats
62 creatures vanquished.

Notes
Turn   | Place    | Note
-------+----------+-------------------------------------------
     0 | D:1      | inc the Felid Monk began the quest for the Orb.
     0 | D:1      | Reached XP level 1. HP: 10/10 MP: 2/2
   392 | D:1      | Reached XP level 2. HP: 14/14 MP: 3/3
  1261 | D:2      | Reached XP level 3. HP: 8/17 MP: 4/4
  1908 | D:2      | Reached XP level 4. HP: 20/21 MP: 5/5
  2778 | D:3      | Reached XP level 5. HP: 14/24 MP: 6/6
  3405 | D:4      | Noticed Grinder
  3437 | D:4      | Found a staircase to the Ecumenical Temple.
  3449 | Temple   | Entered the Ecumenical Temple
  3760 | Temple   | Became a worshipper of the Wu Jian Council
  3760 | Temple   | Reached * piety under Wu Jian
  3760 | Temple   | Reached ** piety under Wu Jian
  3798 | D:4      | Paralysed by Grinder for 2 turns
  3969 | D:4      | Slain by an iguana
  3970 | D:4      | Reached XP level 4. HP: -5/21 MP: 5/5
  3970 | D:4      | Quit the game

Skill      XL: |  1  2  3  4 |
---------------+-------------+-----
Stealth        | 3 4 |  4.9
Unarmed Combat | 4 |  4.6
Fighting       | |  3.3
Dodging        | |  4.8

Action                   |  1- 3 |  4- 6 || total
-------------------------+-------+-------++-------
Melee: Unarmed           |    82 |   114 ||   196
       Bite              |     6 |    13 ||    19
       Punch             |     1 |       ||     1
Invok: Lunge             |       |     1 ||     1
  Use: Potion            |       |     3 ||     3
 Stab: Sleeping          |    12 |     7 ||    19
       Distracted        |       |     1 ||     1
  Eat: Chunk             |       |     4 ||     4
Armor: Skin              |     4 |     3 ||     7
Dodge: Dodged            |    76 |    96 ||   172
